 Dungeon Sprint DCSS version 0.28-a0-1613-gdaab1c2f9b (webtiles) character file.

Game seed: 13440784308738509527

594 jt the Covert (level 7, 0/58 HPs)
             Began as a Djinni Abyssal Knight on Jan 21, 2022.
             Was an Elder of Lugonu.
             Killed from afar by an oklob plant (31 damage)
             ... with a splash of acid
             ... in the Dungeon (Sprint IV: "Fedhas' Mad Dash").
             The game lasted 00:03:05 (905 turns).

jt the Covert (Djinni Abyssal Knight)                Turns: 905, Time: 00:03:06

Health: 0/58       AC:  0    Str: 14    XL:     7   Next: 67%
Gold:   66         EV: 12    Int: 11    God:    Lugonu [****..] SH:  0 Dex: 14

rFire   + + .      SeeInvis .   a - +1 short sword
rCold   x . .      Faith    .   (no shield)
rNeg    . . .      Spirit   .   b - +0 leather armour
rPois   ∞          Reflect  .   (no helmet)
rElec   .          Harm     .   (no cloak)
rCorr   .          Rampage  .   (no gloves)
Will    .....      NoTele   +   (boots unavailable)
Stlth   ++++......              c - amulet of invisibility {+Inv}
HPRegen 0.19/turn               (no ring)
MPRegen 0.00/turn               (no ring)

@: corroded, flying, very slightly contaminated, invisible
A: sickness immunity, fire resistance 2, cold vulnerability 1, float, innate
caster, hp casting, extra vitality 1
a: Renounce Religion, Evoke Invisibility, Bend Space, Banish, Corrupt


You were in the Dungeon.
You worshipped Lugonu.
Lugonu was greatly pleased with you.
You visited 1 branch You collected 66 gold pieces.

Inventory:

Hand Weapons
 a - a +1 short sword (weapon)
Missiles
 f - 4 poisoned darts
 h - 41 stones (quivered)
Armour
 b - a +0 leather armour (worn)
Jewellery
 c - the amulet of invisibility (around neck) {+Inv}
   (You found it in the Dungeon)

   [amulet of nothing]

   +Inv:      It lets you turn invisible.
Scrolls
 d - a scroll of immolation {unknown}
 g - a scroll of blinking
Potions
 e - a potion of haste


   Skills:
 + Level 7.7 Fighting
 + Level 6.6 Short Blades
 - Level 1.0 Armour
 - Level 2.1 Dodging
 + Level 9.6 Stealth
 + Level 5.8 Invocations


You couldn't memorise any spells.
You knew the following spells:

 Your Spells              Type           Power      Damage    Failure   Level
a - Apportation           Tloc           0%         N/A       41%         1
b - Corpse Rot            Necr/Air       0%         N/A       54%         2
c - Ignite Poison         Fire/Tmut/Pois 0%         N/A       78%         3
Your spell library was empty.

Dungeon Overview and Level Annotations

Branches:
Dungeon (1/1)

Altars:
Cheibriados
Dithmenos
Elyvilon
Gozag
Hepliaklqana
Kikubaaqudgha
Makhleb
Nemelex Xobeh
Okawaru
Qazlal
Ru
Sif Muna
Trog
Uskayaw
Vehumet
Wu Jian
Xom
Yredelemnul
Zin
The Shining One
Beogh
Jiyva
Lugonu

Annotations:
D exclusion: oklob plant


Innate Abilities, Weirdness & Mutations

You are immune to sickness and miasma.
You are immune to poison.
Your flesh is very heat resistant. (rF++)
You are vulnerable to cold. (rC-)
You float through the air rather than walking.
You learn spells naturally, not from books.
Your magical power is your life essence.
You have superior vitality. (+4 MHP)


Message History

No target in view!
There is an open door here.
You see here a killer bee corpse.
You start resting.
HP restored.
h - 41 stones (gained 1)
f - a poisoned dart
f - 3 poisoned darts (gained 2)
f - 4 poisoned darts (gained 1)
You fade into invisibility!
You are very lightly contaminated with residual magic.
You reach down and open the door.
Found 13 gold pieces.
An oklob plant comes into view.
Found a whip.
Marking area around an oklob plant as unsafe for travelling.
There is an open door here.
You see here a +0 whip.
The helpless oklob plant fails to defend itself.
You impale the oklob plant!!
The oklob plant is heavily damaged.
You catch the helpless oklob plant completely off-guard!
You impale the oklob plant!!
The oklob plant is almost destroyed.
You hit the oklob plant.
The oklob plant is almost destroyed.
The oklob plant spits acid at you. The splash of acid hits you!!
The acid corrodes you!
You hit the oklob plant but do no damage.
The oklob plant is almost destroyed.
You hit the oklob plant but do no damage.
The oklob plant is almost destroyed.
You hit the oklob plant but do no damage.
The oklob plant is almost destroyed.
You hit the oklob plant but do no damage.
The oklob plant is almost destroyed.
The oklob plant spits acid at you. The splash of acid hits you!!
Ouch! That really hurt!
You die...

#<..P#.....#.....#
#PP..÷.....'.#...'
#PPPP#.....#.#...#
###############'##
#...♣........†...#
#......♣.....#...#
#.....♣..♣..######
##'####+##### #@.#
#P$# ####


You could see an oklob plant.

Vanquished Creatures
  A scorpion (D)
  4 killer bees (D)
  4 oklob saplings (D)
  A river rat (D)
  A rat (D)
11 creatures vanquished.

Notes
Turn   | Place    | Note
-------+----------+-------------------------------------------
     0 | D        | jt the Djinni Abyssal Knight began the quest for the Orb.
     0 | D        | Reached XP level 1. HP: 20/20 MP: 0/0
    12 | D        | Reached skill level 3 in Stealth
    12 | D        | Reached XP level 2. HP: 19/25 MP: 0/0
    14 | D        | Reached ** piety under Lugonu
   105 | D        | Noticed an oklob sapling
   108 | D        | Noticed a scorpion
   108 | D        | Found the amulet of invisibility {+Inv}
   117 | D        | HP: 1/25 [scorpion (7)]
   121 | D        | Killed a scorpion
   122 | D        | Reached skill level 7 in Stealth
   122 | D        | Reached XP level 3. HP: 13/30 MP: 0/0
   122 | D        | Learned a level 1 spell: Apportation
   122 | D        | Reached XP level 4. HP: 15/35 MP: 0/0
   362 | D        | Reached XP level 5. HP: 40/41 MP: 0/0
   362 | D        | Learned a level 2 spell: Corpse Rot
   384 | D        | Found an opulent altar of Gozag.
   384 | D        | Found a hazy altar of Hepliaklqana.
   384 | D        | Found a snail-covered altar of Cheibriados.
   385 | D        | Found a viscous altar of Jiyva.
   385 | D        | Found a burning altar of Makhleb.
   385 | D        | Found a sparkling altar of Nemelex Xobeh.
   385 | D        | Found a sacrificial altar of Ru.
   385 | D        | Found a bloodstained altar of Trog.
   385 | D        | Found an ornate altar of the Wu Jian Council.
   385 | D        | Found a shimmering altar of Xom.
   385 | D        | Found a basalt altar of Yredelemnul.
   386 | D        | Found an iron altar of Okawaru.
   386 | D        | Found a glowing silver altar of Zin.
   386 | D        | Found a shadowy altar of Dithmenos.
   387 | D        | Found a hide-covered altar of Uskayaw.
   388 | D        | Found a stormy altar of Qazlal.
   388 | D        | Found a white marble altar of Elyvilon.
   388 | D        | Found a glowing golden altar of the Shining One.
   389 | D        | Found a corrupted altar of Lugonu.
   396 | D        | Reached *** piety under Lugonu
   397 | D        | Reached skill level 5 in Fighting
   397 | D        | Reached skill level 8 in Stealth
   508 | D        | Reached XP level 6. HP: 48/49 MP: 0/0
   541 | D        | Noticed a queen bee
   554 | D        | Banished a queen bee
   555 | D        | Reached skill level 9 in Stealth
   555 | D        | Reached skill level 5 in Invocations
   555 | D        | Reached XP level 7. HP: 49/58 MP: 0/0
   555 | D        | Learned a level 3 spell: Ignite Poison
   611 | D        | Reached **** piety under Lugonu
   897 | D        | Noticed an oklob plant
   905 | D        | Killed from afar by an oklob plant

Illustrated notes

Levels and vault maps discovered:
D:        dungeon_sprint_fedhas [sprint_temple]

Skill      XL: |  1  2  3  4  5  6 |
---------------+-------------------+-----
Stealth        | 3 7 8 9 |  9.6
Short Blades   | 3 4 6 |  6.6
Fighting       | 4 5 7 |  7.7
Invocations    | 2 5 |  5.8
Armour         | |  1.0
Dodging        | |  2.1

Action                   |  1- 3 |  4- 6 |  7- 9 || total
-------------------------+-------+-------+-------++-------
Melee: Short sword       |    17 |     7 |    31 ||    55
Throw: Dart              |       |     4 |       ||     4
       Stone             |       |     1 |       ||     1
Invok: Banish            |       |     2 |       ||     2
 Abil: Evoke Invisibilit |       |     4 |     1 ||     5
  Use: Potion            |     3 |       |       ||     3
 Stab: Sleeping          |       |     3 |     1 ||     4
       Invisible         |       |     2 |     1 ||     3
Armor: Leather armour    |     2 |       |     1 ||     3
Dodge: Dodged            |     9 |       |    22 ||    31

Table legend: (Time is in decaauts)
 A = Elapsed time spent in this place.
 B = Non-inter-level travel time spent in this place.
 C = Inter-level travel time spent in this place.
 D = Time resting spent in this place.
 E = Time spent auto-exploring this place.
 F = Levels seen in this place.
 G = Mean time per level.
                   A        B        C        D        E       F      G
               +--------+--------+--------+--------+--------+-----+--------+
         Total |    908 |    889 |     19 |    700 |      0 |   1 |  908.0 |
       Dungeon |    908 |    889 |     19 |    700 |      0 |   1 |  908.0 |
               +--------+--------+--------+--------+--------+-----+--------+

Top non-repeatable levels by time:
       D: 908 daAuts
